 Dungeon Crawl Stone Soup version 0.31-a0-1005-gfbdfbac (webtiles) character file.

Game seed: 16014630952455235855

17 Partyfoot the Shooter (level 2, 18/18 HPs)
             Began as a Kobold Hunter on Nov 11, 2023.
             Quit the game on level 1 of the Dungeon.
             The game lasted 00:02:27 (1031 turns).

Partyfoot the Shooter (Kobold Hunter)               Turns: 1031, Time: 00:02:28

Health: 18/18      AC:  7    Str:  8    XL:     2   Next: 80%
Magic:  2/2        EV: 14    Int: 10    God:
Gold:   62         SH:  0    Dex: 18    Spells: 1/1 levels left

rFire   . . .        a - +0 shortbow
rCold   . . .        (shield currently unavailable)
rNeg    . . .        c - +0 leather armour
rPois   .            (no helmet)
rElec   .            (no cloak)
rCorr   .            (no gloves)
SInv    .            (no boots)
Will    .....        (no amulet)
Stlth   +++          e - +4 ring of protection
HPRegen 0.23/turn    (no ring)
MPRegen 0.08/turn

%: no passive effects
@: no status effects
A: small, no large weapons, nightstalker 3
a: no special abilities


You were on level 1 of the Dungeon.
You visited 1 branch of the dungeon, and saw 1 of its levels.

You collected 62 gold pieces.

Inventory:

Hand Weapons
 a - a +0 shortbow (weapon)
Armour
 c - a +0 leather armour (worn)
Jewellery
 e - a +4 ring of protection (left hand)
Scrolls
 b - a scroll of butterflies
Potions
 d - a potion of cancellation {unknown}
 f - a potion of enlightenment {unknown}
 g - a potion of mutation {unknown}


   Skills:
 + Level 2.5 Fighting
 + Level 5.5 Ranged Weapons
 + Level 2.8 Dodging
 + Level 2.2 Stealth


You had one spell level left.
You didn't know any spells.
Your spell library contained the following spells:

 Spells                   Type           Power      Damage    Failure   Level
 Sublimation of Blood     Necr           0%         N/A       63%         2
 Wereblood                Tmut           0%         N/A       63%         2
 Animate Dead             Necr           0%         N/A       99%         4
 Borgnjor's Vile Clutch   Necr/Erth      0%         N/A       100%        5
 Death Channel            Necr           0%         N/A       100%        6
 Summon Hydra             Summ           0%         N/A       100%        7


Dungeon Overview and Level Annotations

Branches:
Dungeon (1/15)

Altars:

Shops:
D:1 (::


Innate Abilities, Weirdness & Mutations

You are small and have problems with some larger weapons.
You are completely attuned to the shadows.


Message History

You shoot an arrow.
The arrow hits the ball python but does no damage.
The ball python hisses angrily.
No target in view!
Found Fuicw's Book Emporium.
You shoot an arrow.
The arrow closely misses the ball python.
The ball python barely misses you. The ball python grabs you.
The ball python constricts you.
You shoot an arrow.
The arrow closely misses the ball python.
The ball python bites you but does no damage.
The ball python constricts you. The ball python closely misses you.
The ball python constricts you.
You shoot an arrow.
The arrow barely misses the ball python.
The ball python bites you but does no damage.
The ball python constricts you.
You shoot an arrow.
The arrow barely misses the ball python.
The ball python barely misses you. The ball python constricts you.
You shoot an arrow.
The arrow barely misses the ball python.
The ball python bites you but does no damage.
The ball python constricts you.
The ball python bites you but does no damage.
The ball python constricts you.
You shoot an arrow. The arrow hits the ball python.
You kill the ball python!
No target in view!
There is an entrance to Fuicw's Book Emporium here.
Found 5 stones.
You see here 5 stones.
Found Vawaonuc's Antique Weapon Shop.
Found a plate armour.
There is an open door here.
There is an open door here.
There is an entrance to Vawaonuc's Antique Weapon Shop here.
Unknown command.
Are you sure you want to abandon this character and quit the game? (Confirm with "yes".)

#.#.#.#..## #.#
#.#.#.#'## #.####
#.#.#.#.# #(...#
#...#.#.# ####.#
#####.#.##### #.#
#...#.#.....# #.#
#.#.#.#...#.###### #.#
##.#.#.#..##.#..≈≈###.#
.#.#.#.#.###...≈@≈....#
##.#...#.# ####≈≈≈#####
#.##### ##### #.#...#
#.#.#.# #.#.#.# #.#.#.#
#...#.# #####.#.
###########


There were no monsters in sight!

Vanquished Creatures
  2 dart slugs (D:1)
  3 ball pythons (D:1)
  A giant cockroach (D:1)
  A goblin (D:1)
  A hobgoblin (D:1)
  A kobold (D:1)
  A quokka (D:1)
  3 frilled lizards (D:1)
13 creatures vanquished.

Notes
Turn   | Place    | Note
-------+----------+-------------------------------------------
     0 | D:1      | Partyfoot the Kobold Hunter began the quest for the Orb.
     0 | D:1      | Reached XP level 1. HP: 12/12 MP: 1/1
   318 | D:1      | Reached XP level 2. HP: 18/18 MP: 2/2
   616 | D:1      | Found Ureugawa's Vocational Training.
   933 | D:1      | Found Fuicw's Book Emporium.
   963 | D:1      | Found Vawaonuc's Antique Weapon Shop.
  1031 | D:1      | Quit the game

Illustrated notes

Levels and vault maps discovered:
D:1:      minmay_arrival_three_doors, layout_loops_corners, serial_shops,
          nicolae_shop_tiny_waterfront, nicolae_square_shop,
          nicolae_shop_hallway_stairs, roderic_serpentine_path,
          nicolae_shop_vocational

Skill      XL: |  1  2 |
---------------+-------+-----
Stealth        | 2 |  2.2
Fighting       | |  2.5
Ranged Weapons | |  5.5
Dodging        | |  2.8

Action                     || total
---------------------------++-------
   Fire: Shortbow          ||    35
 Armour: Leather armour    ||     6
  Dodge: Dodged            ||    10

Table legend: (Time is in decaauts)
 A = Elapsed time spent in this place.
 B = Non-inter-level travel time spent in this place.
 C = Inter-level travel time spent in this place.
 D = Time resting spent in this place.
 E = Time spent auto-exploring this place.
 F = Levels seen in this place.
 G = Mean time per level.
                   A        B        C        D        E       F      G
               +--------+--------+--------+--------+--------+-----+--------+
         Total |   1036 |   1036 |      0 |      0 |    960 |   1 | 1036.0 |
       Dungeon |   1036 |   1036 |      0 |      0 |    960 |   1 | 1036.0 |
               +--------+--------+--------+--------+--------+-----+--------+

Top non-repeatable levels by time:
     D:1: 1036 daAuts
